 Dungeon Crawl Stone Soup version 0.16-a0-3939-g9a3e665 (webtiles) character file.

9424 PolkaDot the Summoner (level 11, -1/81 HPs)
             Began as a Vampire Summoner on Feb 6, 2015.
             Was a High Priest of Sif Muna.
             Killed from afar by an efreet (33 damage)
             ... with a fireball
             ... on level 14 of the Dungeon.
             The game lasted 01:01:27 (11786 turns).

PolkaDot the Summoner (Vampire Summoner)           Turns: 11786, Time: 01:01:27

Health: -1/81      AC:  9    Str:  7    XL:     11   Next: 22%
Magic:  3/23       EV: 12    Int: 22    God:    Sif Muna [*****.]
Gold:   401        SH:  0    Dex: 16    Spells: 4 memorised, 4 levels left

rFire  . . .     SeeInvis +     d - +3 quarterstaff (speed)
rCold  + . .     Clarity  .     r - +0 leather armour {rPois}
rNeg   + + +     SustAb   .     (no shield)
rPois  +         Gourm    .     e - +0 helmet
rElec  .         Spirit   .     H - +2 cloak {+Inv}
rCorr  .         Warding  .     (no gloves)
rMut   .         Stasis   .     I - +1 pair of boots {Stlth+}
MR     ++...                    (no amulet)
Stlth  ++++......               y - ring of positive energy
                                p - ring of protection from magic

@: very slightly contaminated, regenerating slowly, very resistant to hostile
enchantments, stealthy
A: bottle blood, fangs 3, see invisible, agile 1, clever 1, screaming 1,
unbreathing
a: Bat Form, Channel Energy, Forget Spell, Renounce Religion, Evoke Invisibility


You were on level 14 of the Dungeon.
You worshipped Sif Muna.
Sif Muna was extremely pleased with you.
You were thirsty.

You visited 2 branches of the dungeon, and saw 13 of its levels.
You also visited: Sewer and Bailey.

You collected 778 gold pieces.
You spent 377 gold pieces at shops.

Inventory:

Hand weapons
 d - a +3 quarterstaff of speed (weapon)
Armour
 e - a +0 helmet (worn)
 j - a troll hide
 r - a +0 leather armour of poison resistance (worn)
 H - a +2 cloak of invisibility (worn)
 I - a +1 pair of boots of stealth (worn)
Jewellery
 p - a ring of protection from magic (left hand)
 y - a ring of positive energy (right hand)
Magical devices
 c - a wand of digging (4)
 h - a wand of confusion (44)
 o - a wand of random effects (27)
 u - a wand of random effects (27)
 w - a wand of lightning (8)
 G - a wand of frost (1)
 N - a wand of enslavement (6)
 O - a wand of digging (9)
Scrolls
 g - a scroll of amnesia
 i - 4 scrolls of remove curse
 m - 7 scrolls of teleportation
 n - a scroll of random uselessness {unknown}
 q - 2 scrolls of magic mapping
 s - a scroll of blinking
 v - a scroll of noise {unknown}
 z - a scroll of recharging
 A - a scroll of brand weapon
 B - a scroll of enchant weapon
 C - a scroll of enchant armour {unknown}
 D - 2 scrolls of immolation
 J - a scroll of vulnerability {unknown}
 K - a scroll of fog {unknown}
Potions
 f - 3 potions of restore abilities
 k - a potion of brilliance
 l - 2 potions of curing
 x - a potion of magic
 E - a potion of flight
 F - 2 potions of berserk rage
 L - a potion of poison {unknown}
 M - a potion of cancellation {unknown}
Books
 b - a book of Callings

   Spells                             Type                      Level
   a - Summon Small Mammal            Summoning                    1
   b - Call Imp                       Summoning                    2
   c - Call Canine Familiar           Summoning                    3
   d - Summon Guardian Golem          Hexes/Summoning              4
   e - Summon Lightning Spire         Summoning/Air                4
   f - Summon Ice Beast               Ice/Summoning                4
 t - a book of the Dragon

   Spells                             Type                      Level
   a - Flight                         Charms/Air                   3
   b - Cause Fear                     Hexes                        4
   c - Bolt of Fire                   Conjuration/Fire             6
   d - Dragon Form                    Transmutation                7
   e - Dragon's Call                  Summoning                    9
 P - a book of the Sky

   Spells                             Type                      Level
   a - Flight                         Charms/Air                   3
   b - Airstrike                      Air                          4
   c - Silence                        Hexes/Air                    5
   d - Deflect Missiles               Charms/Air                   6
   e - Conjure Ball Lightning         Conjuration/Air              6
   f - Tornado                        Air                          9
Miscellaneous
 a - a legendary deck of wonders


   Skills:
 - Level 5.9 Fighting
 + Level 5.1 Staves
 - Level 2.1 Dodging
 - Level 5.2 Stealth
 + Level 5.0 Spellcasting
 - Level 7.6 Hexes
 * Level 12.0 Summonings
 - Level 5.4 Ice Magic


You had 4 spell levels left.
You knew the following spells:

 Your Spells              Type           Power        Failure   Level  Hunger
d - Call Canine Familiar  Summ           ######..     1%          3    ##.....
g - Summon Guardian Gole  Hex/Summ       #####...     2%          4    ####...
i - Summon Ice Beast      Ice/Summ       #####...     6%          4    ####...
v - Summon Mana Viper     Hex/Summ       #####...     10%         5    #####..


Dungeon Overview and Level Annotations

Branches:
Dungeon (14/15)            Temple (1/1) D:7            Lair (0/8) D:10
    Orc (0/4) D:9
 Vaults: D:13-14

Altars:
Ashenzari
Cheibriados
Dithmenos
Elyvilon
Fedhas
Gozag
Kikubaaqudgha
Makhleb
Nemelex Xobeh
Okawaru
Qazlal
Ru
Sif Muna
Trog
Vehumet
Xom
Yredelemnul
Zin
The Shining One

Shops:
D:6 :   D:10 [(


Innate Abilities, Weirdness & Mutations

You heal slowly.
You can bottle blood from corpses.
You have razor-sharp teeth.
You have supernaturally acute eyesight.
You can survive without breathing.
You are agile. (Dex +2)
Your mind is acute. (Int +2)
You occasionally shout uncontrollably at your foes.


Message History

Your Spellcasting skill increases to level 5!
Your mana viper bites the crimson imp!
The crimson imp closely misses your mana viper.
The efreet gestures at you.
The fireball explodes!
The fireball engulfs you!
* * * LOW HITPOINT WARNING * * *
The fireball engulfs your mana viper.
The fireball engulfs the crimson imp.
The crimson imp completely resists.
Drink which item? (? for menu, Esc to quit)
You feel better. The crimson imp closely misses you.
Drink which item? (? for menu, Esc to quit)
You feel better.
Your mana viper bites the efreet!
The efreet's magic leaks into the air.
The efreet gestures at you.
The fireball explodes!
The fireball engulfs your mana viper.
Your mana viper dies!
The fireball engulfs the efreet.
The efreet completely resists.
The fireball engulfs the crimson imp.
The crimson imp completely resists.
The fireball engulfs you!
You die...

### .........
#.........
#.........#
+.........#
#.ยง.......#
#.?R......#
#...)5.<.$#
#...@.....#
###'#######
#...# ###.#
####.######
#.........#
#.........#
#.........#
###.....)...#


You could see an efreet and a crimson imp.

Vanquished Creatures
  A centaur warrior (D:14)
  A hill giant (D:14)
  2 deep elf magi
  A vampire (D:14)
  A hippogriff (D:10)
  3 sky beasts
  2 ice beasts
  2 centaurs
  2 ogres (D:8)
  A crocodile (Sewer)
  A phantom (D:6)
  A giant frog (D:8)
  A scorpion (D:8)
  2 electric eels (D:9)
  A goliath beetle (D:6)
  A wasp zombie (D:9)
  2 jellies
  3 orc priests
  A giant frog skeleton (D:10)
  5 hounds
  An orc wizard (D:5)
  A worker ant (D:10)
  A statue (D:5)
  5 gnolls
  A river rat (D:10)
  A shadow imp (D:5)
  5 adders
  2 giant mites
  An adder skeleton (D:4)
  2 oozes
  21 orcs
  2 ball pythons
  9 giant cockroaches
  10 hobgoblins
  12 kobolds
  2 quokkas
  9 bats
  2 giant geckos
  A giant gecko zombie (D:5)
  5 giant newts
  11 goblins
  12 jackals
  12 rats
162 creatures vanquished.

Vanquished Creatures (collateral kills)
  The ghost of Tux the Geomancer, a powerful GrEE of Vehumet (D:11)
  Pikel (D:6)
  2 hill giants
  An orc knight (Bailey)
  Joseph (D:8)
  2 gargoyles (D:14)
  An efreet (D:10)
  3 trolls (D:14)
  4 slime creatures (D:11)
  A basilisk (D:10)
  A spriggan (D:7)
  10 yaks (D:10)
  Eustachio (D:5)
  A hippogriff (D:10)
  A black bear (D:6)
  3 phantoms
  23 orc warriors
  5 porcupines (D:10)
  An ogre (D:7)
  A centaur (D:9)
  2 big kobolds
  3 crocodiles
  A gnoll sergeant (D:6)
  2 giant frogs
  4 killer bees (D:14)
  2 electric eels (D:9)
  2 crimson imps
  A gnoll shaman (D:8)
  4 hounds
  5 orc priests
  2 jellies
  11 orc wizards
  3 worker ants
  3 iron imps (D:7)
  Natasha (D:6)
  An iguana (D:5)
  Ijyb (D:3)
  A mummy (D:8)
  Terence (D:2)
  A worker ant zombie (D:7)
  5 adders
  5 gnolls
  A river rat (D:6)
  2 giant mites
  5 worms
  An adder skeleton (D:8)
  2 giant geckos (D:7)
  An ooze (D:1)
  33 orcs
  5 hobgoblins
  6 jackals
  11 kobolds
  7 bats
  A giant cockroach (D:1)
  3 giant newts
  2 goblins
  A quokka (D:7)
  A rat (D:6)
207 creatures vanquished.

Vanquished Creatures (others)
  8 mana vipers
  15 ice beasts
  10 wolves
  5 crimson imps
  11 hounds
  3 shadow imps
  4 white imps
  An orc (D:6)
  2 bats
  A hobgoblin (D:6)
  3 kobolds (D:6)
  4 rats (D:1)
67 creatures vanquished.

Grand Total: 436 creatures vanquished

Notes
Turn   | Place    | Note
--------------------------------------------------------------
     0 | D:1      | PolkaDot, the Vampire Summoner, began the quest for the Orb.
     0 | D:1      | Reached XP level 1. HP: 13/13 MP: 3/3
   293 | D:1      | Reached skill level 1 in Fighting
   412 | D:1      | Reached XP level 2. HP: 18/21 MP: 4/4
   842 | D:2      | Reached XP level 3. HP: 26/26 MP: 6/6
   872 | D:2      | Learned a level 2 spell: Call Imp
   876 | D:2      | Learned a level 3 spell: Call Canine Familiar
  1532 | D:3      | Noticed Terence
  1549 | D:2      | Killed Terence
  1549 | D:2      | Reached XP level 4. HP: 17/34 MP: 0/7
  1767 | D:3      | Noticed Ijyb
  1778 | D:3      | Killed Ijyb
  1967 | D:3      | Found an opulent altar of Gozag.
  1970 | D:3      | Found a shadowy altar of Dithmenos.
  1971 | D:3      | Found a basalt altar of Yredelemnul.
  2078 | D:3      | Reached XP level 5. HP: 22/40 MP: 0/9
  2732 | D:4      | Reached skill level 5 in Stealth
  3036 | D:4      | Found a blossoming altar of Fedhas.
  3053 | D:4      | Noticed a centaur
  3088 | D:4      | Killed a centaur
  3088 | D:4      | Reached skill level 5 in Summonings
  3088 | D:4      | Reached XP level 6. HP: 37/47 MP: 4/10
  3455 | D:5      | Entered Level 5 of the Dungeon
  3582 | D:5      | Noticed Eustachio
  3606 | D:5      | Killed Eustachio
  3615 | D:5      | Found a radiant altar of Vehumet.
  3632 | D:5      | Learned a level 4 spell: Summon Ice Beast
  3756 | D:5      | Reached skill level 6 in Summonings
  3825 | D:5      | Reached XP level 7. HP: 47/54 MP: 12/12
  3882 | D:5      | Reached skill level 1 in Ice Magic
  4440 | D:6      | Found a glowing drain.
  4450 | Sewer    | Entered a sewer
  4812 | D:6      | Gained mutation: You occasionally shout uncontrollably at your foes. [potion of mutation]
  4812 | D:6      | Gained mutation: Your mind is acute. (Int +2) [potion of mutation]
  4812 | D:6      | Gained mutation: You are agile. (Dex +2) [potion of mutation]
  4976 | D:6      | Noticed Natasha
  4991 | D:6      | Killed Natasha
  5205 | D:6      | Noticed Pikel
  5206 | D:6      | Found Akaompofa's Book Shop.
  5227 | D:6      | Reached XP level 8. HP: 44/61 MP: 4/14
  5264 | D:6      | Killed Pikel
  5264 | D:6      | Reached skill level 5 in Fighting
  5264 | D:6      | Reached skill level 7 in Summonings
  5311 | D:6      | Bought a book of Hinderance for 260 gold pieces
  5457 | D:6      | Reached skill level 5 in Ice Magic
  5897 | D:7      | Found a staircase to the Ecumenical Temple.
  5966 | Temple   | Entered the Ecumenical Temple
  6079 | Temple   | Became a worshipper of Sif Muna the Loreminder
  6255 | D:7      | Found a burning altar of Makhleb.
  6492 | D:7      | Reached skill level 8 in Summonings
  6834 | D:8      | Noticed Joseph
  6847 | D:8      | Reached XP level 9. HP: 52/69 MP: 6/18
  6849 | D:8      | Acquired Sif Muna's first power
  7017 | D:8      | Killed Joseph
  7063 | D:8      | Learned a level 5 spell: Summon Mana Viper
  7293 | D:8      | Reached skill level 1 in Hexes
  7619 | D:8      | Found a bloodstained altar of Trog.
  7678 | D:8      | Reached skill level 1 in Staves
  7959 | D:9      | Reached skill level 9 in Summonings
  8011 | D:9      | Acquired Sif Muna's second power
  8434 | D:9      | Reached skill level 5 in Hexes
  8447 | D:9      | Found a staircase to the Orcish Mines.
  8818 | D:10     | Entered Level 10 of the Dungeon
  8921 | D:10     | Found a flagged portal.
  8948 | Bailey   | Entered a bailey
  9109 | Bailey   | Got an ebony quarterstaff
  9120 | Bailey   | Found a roughly hewn altar of Beogh.
  9120 | Bailey   | Noticed an orc knight
  9130 | Bailey   | Reached XP level 10. HP: 60/76 MP: 0/20
  9144 | Bailey   | Killed an orc knight
  9144 | Bailey   | Reached skill level 10 in Summonings
  9867 | D:10     | Noticed a hill giant
  9871 | D:10     | Noticed an efreet
  9897 | D:10     | Killed a hill giant
 10059 | D:10     | Found a staircase to the Lair.
 10109 | D:10     | Reached skill level 11 in Summonings
 10114 | D:10     | Acquired Sif Muna's third power
 10301 | D:10     | Learned a level 4 spell: Summon Guardian Golem
 10315 | D:10     | Found Waib Raa's Weapon Shop.
 10321 | D:10     | Found Qynlay's Antique Armour Emporium.
 10402 | D:10     | Bought a glowing cloak for 117 gold pieces
 10508 | D:10     | Killed an efreet
 10758 | D:11     | Noticed Tux's ghost (powerful GrEE)
 10768 | D:11     | Killed Tux's ghost
 11294 | D:11     | You fall through a shaft for 3 floors!
 11294 | D:14     | Noticed a hill giant
 11305 | D:14     | Killed a hill giant
 11305 | D:14     | Reached XP level 11. HP: 81/81 MP: 7/22
 11373 | D:14     | Noticed a centaur warrior
 11384 | D:14     | Killed a centaur warrior
 11592 | D:14     | Reached skill level 5 in Staves
 11760 | D:14     | Reached skill level 12 in Summonings
 11774 | D:14     | Noticed a hill giant
 11784 | D:14     | Killed a hill giant
 11784 | D:14     | Reached skill level 5 in Spellcasting
 11786 | D:14     | Killed from afar by an efreet

Action                   |  1- 3 |  4- 6 |  7- 9 | 10-12 || total
-------------------------+-------+-------+-------+-------++-------
Melee: Unarmed           |    20 |       |       |       ||    20
       Dagger            |   175 |   248 |       |       ||   423
       Rapier            |       |    28 |   324 |       ||   352
       Quarterstaff      |       |       |   140 |   117 ||   257
 Cast: Summon Small Mamm |    15 |     1 |       |       ||    16
       Call Imp          |     5 |    23 |    43 |       ||    71
       Call Canine Famil |     4 |     9 |    36 |     9 ||    58
       Summon Ice Beast  |       |       |    40 |    24 ||    64
       Summon Mana Viper |       |       |     6 |    49 ||    55
       Summon Guardian G |       |       |       |     1 ||     1
Invok: Channel Energy    |       |       |    73 |   164 ||   237
Evoke: Wand              |       |       |     1 |       ||     1
  Use: Potion            |     8 |    24 |    63 |    37 ||   132
       Scroll            |       |       |    19 |     6 ||    25
 Stab: Sleeping          |     4 |     5 |    10 |     2 ||    21
       Distracted        |       |     1 |     6 |     1 ||     8
  Eat: Corpse            |     8 |       |     1 |    12 ||    21
